 Dungeon Sprint DCSS version 0.29-a0-997-gf6f7e2dfe7 (webtiles) character file.

Game seed: 1375127906302183449

47 123456 the Trooper (level 3, -8/37 HPs)
             Began as a Minotaur Fighter on Aug 4, 2022.
             Splashed by a jelly's acid (9 damage)
             ... in the Dungeon (Sprint IX: "|||||||||||||||||||||||||||||").
             The game lasted 00:00:11 (39 turns).

123456 the Trooper (Minotaur Fighter)                 Turns: 39, Time: 00:00:12

Health: -8/37      AC:  7    Str: 22    XL:     3   Next: 48%
Magic:  2/2        EV: 10    Int:  5    God:
Gold:   0          SH:  4    Dex:  9    Spells: 2/2 levels left

rFire   . . .      SeeInvis .   a - +0 flail
rCold   . . .      Faith    .   c - +0 buckler
rNeg    . . .      Spirit   .   b - +0 scale mail
rPois   .          Reflect  .   (helmet restricted)
rElec   .          Harm     .   (no cloak)
rCorr   .          Rampage  .   (no gloves)
Will    .....      NoTele   +   (no boots)
Stlth   ..........              (no amulet)
HPRegen 0.12/turn               (no ring)
MPRegen 0.08/turn               (no ring)

@: no status effects
A: horns 2, retaliatory headbutt
a: no special abilities


You were in the Dungeon.
You visited 1 branch

Inventory:

Hand Weapons
 a - a +0 flail (weapon)
Armour
 b - a +0 scale mail (worn)
 c - a +0 buckler (worn)
Scrolls
 j - a scroll of blinking
Potions
 d - a potion of might
 e - a potion of curing
 f - a potion of heal wounds
 g - a potion of haste
 h - 2 potions of magic
 i - a potion of berserk rage


   Skills:
 * Level 6.0 Fighting
 * Level 5.3 Maces & Flails
 + Level 5.0 Armour
 + Level 2.7 Dodging
 - Level 3.6 Shields


You had 2 spell levels left.
You didn't know any spells.
Your spell library was empty.

Dungeon Overview and Level Annotations

Branches:
Dungeon (1/1)

Altars:


Innate Abilities, Weirdness & Mutations

You have a pair of horns on your head.
You reflexively headbutt those who attack you in melee.


Message History

The hound bites you but does no damage. The hound bites you.
You miss the hound. Your headbutt misses the hound.
The hound is heavily wounded.
The hound bites you but does no damage. The hound bites you.
* * * LOW HITPOINT WARNING * * *
You sock the hound!
You kill the hound!
Your Fighting skill increases to level 5!
Your Maces & Flails skill gained 2 levels and is now at level 5!
Your Dodging skill increases to level 2!
You have reached level 2!
You have reached level 3!
Your experience leads to an increase in your attributes!
Increase (S)trength, (I)ntelligence, or (D)exterity?
You feel stronger. x2
You closely miss the shadow imp. The shadow imp completely misses you.
You hit the shadow imp.
The shadow imp is lightly wounded.
The shadow imp barely misses you.
You thump the shadow imp!
You kill the shadow imp!
The orc barely misses you.
Your Fighting skill increases to level 6!
You closely miss the orc. The orc misses you.
You barely miss the orc. You block the orc's attack.
You hit the orc.
The orc is heavily wounded.
The orc closely misses you. You furiously retaliate!
You headbutt the orc. You hit the orc.
You kill the orc!
The jelly jiggles.
Your Armour skill increases to level 5!
You sock the jelly!
Your hands burn!
* * * LOW HITPOINT WARNING * * *
You headbutt the jelly.
The jelly is severely wounded.
The jelly hits you.
* * * LOW HITPOINT WARNING * * *
You are splashed with acid!
You die... ▓▓▓▓▓▓▓▓▓▓▓▓▓▓▓▓▓▓ +....sJ@....†...<▓ ▓▓▓▓▓▓▓▓▓▓▓▓▓▓▓▓▓▓

You could see a scorpion and a jelly.

Vanquished Creatures
  A hound (D)
  A shadow imp (D)
  A dart slug (D)
  An orc (D)
  2 hobgoblins (D)
  A quokka (D)
  A frilled lizard (D)
8 creatures vanquished.

Notes
Turn   | Place    | Note
-------+----------+-------------------------------------------
     0 | D        | 123456 the Minotaur Fighter began the quest for the Orb.
     0 | D        | Reached XP level 1. HP: 19/19 MP: 0/0
     9 | D        | Reached skill level 4 in Fighting
     9 | D        | Reached skill level 1 in Dodging
    21 | D        | Noticed a scorpion
    21 | D        | Noticed a jelly
    21 | D        | Noticed a hound
    31 | D        | Killed a hound
    32 | D        | Reached skill level 5 in Fighting
    32 | D        | Reached skill level 5 in Maces & Flails
    32 | D        | Reached XP level 2. HP: 4/30 MP: 1/1
    32 | D        | Reached XP level 3. HP: 6/37 MP: 2/2
    35 | D        | Reached skill level 6 in Fighting
    39 | D        | Reached skill level 5 in Armour
    39 | D        | HP: 1/37 [jelly (3)]
    39 | D        | Splashed by a jelly's acid

Illustrated notes

Levels and vault maps discovered:
D:        linesprint [early_d, line_temple, items_1, d_10, items_2, lair_1,
          lair_end, items_3, orc_1, orc_end, items_4, d_15, swamp_1, shoals_1,
          snake_1, spider_1, d_20, vaults_1, items_5, swamp_end, shoals_end,
          snake_end, spider_end, vaults_end, d_27, items_6, zot_1, zot_end,
          crypt_end, forest_end, elf_end, slime_end, tomb_end, abyss_end,
          pan_hell_end]

Skill      XL: |  1  2  3 |
---------------+----------+-----
Fighting       | 5 6 |  6.0
Maces & Flails | 5 |  5.3
Armour         | 4 5 |  5.0
Dodging        | 2 |  2.7
Shields        | |  3.6

Action                   || total
-------------------------++-------
Melee: Flail             ||    29
       Headbutt          ||     3
Armor: Scale mail        ||     7
Dodge: Dodged            ||    13
Block: Buckler           ||     5

Table legend: (Time is in decaauts)
 A = Elapsed time spent in this place.
 B = Non-inter-level travel time spent in this place.
 C = Inter-level travel time spent in this place.
 D = Time resting spent in this place.
 E = Time spent auto-exploring this place.
 F = Levels seen in this place.
 G = Mean time per level.
                   A        B        C        D        E       F      G
               +--------+--------+--------+--------+--------+-----+--------+
         Total |     45 |     45 |      0 |      0 |      9 |   1 |   45.0 |
       Dungeon |     45 |     45 |      0 |      0 |      9 |   1 |   45.0 |
               +--------+--------+--------+--------+--------+-----+--------+

Top non-repeatable levels by time:
       D: 45 daAuts
